 Dungeon Crawl Stone Soup version 0.28.0-53-g5a82cb258f (webtiles) character file.

Game seed: 6044493620398385102

371 SanguineChosen the Covered (level 6, 0/38 HPs)
             Began as a Gargoyle Fighter on July 23, 2022.
             Slain by a yak (8 damage)
             ... on level 4 of the Dungeon.
             The game lasted 00:10:24 (4272 turns).

SanguineChosen the Covered (Gargoyle Fighter)       Turns: 4272, Time: 00:10:25

Health: 0/38       AC: 13    Str: 21    XL:     6   Next: 71%
Magic:  9/9        EV:  9    Int:  9    God:
Gold:   173        SH:  4    Dex:  9    Spells: 8/9 levels left

rFire   . . .      SeeInvis .   a - +0 flail
rCold   . . .      Faith    .   c - +0 buckler
rNeg    + . .      Spirit   .   b - +0 scale mail
rPois   ∞          Reflect  .   (no helmet)
rElec   +          Harm     .   (no cloak)
rCorr   .          Rampage  .   g - +1 pair of gloves
Will    .....                   (no boots)
Stlth   ..........              (no amulet)
HPRegen 0.12/turn               (no ring)
MPRegen 0.11/turn               (no ring)

@: mighty
A: sickness immunity, AC +4, negative energy resistance 1, electricity
resistance, torment resistance 1, petrification resistance
a: no special abilities


You were on level 4 of the Dungeon.
You visited 1 branch of the dungeon, and saw 4 of its levels.

You collected 173 gold pieces.

Inventory:

Hand Weapons
 a - a +0 flail (weapon)
Missiles
 n - 4 curare-tipped darts
Armour
 b - a +0 scale mail (worn)
 c - a +0 buckler (worn)
 g - a +1 pair of gloves (worn)
Wands
 m - a wand of polymorph (11)
Scrolls
 e - 8 scrolls of identify {unknown}
 f - 3 scrolls of fog {unknown}
 h - a scroll of enchant armour {unknown}
 i - a scroll of blinking {unknown}
 j - 2 scrolls of teleportation {unknown}
 o - a scroll of summoning {unknown}
 q - a scroll of vulnerability {unknown}
Potions
 k - a potion of cancellation {unknown}
 l - a potion of curing
 p - 2 potions of heal wounds {unknown}


   Skills:
 + Level 4.1 Fighting
 + Level 4.2 Maces & Flails
 + Level 4.4 Armour
 + Level 0.9 Dodging
 + Level 0.3 Stealth
 + Level 4.2 Shields
 - Level 2.0 Spellcasting
 - Level 0.1 Hexes


You had 8 spell levels left.
You knew the following spells:

 Your Spells              Type           Power      Damage    Failure   Level
a - Slow                  Hex            4%         N/A       73%         1

Your spell library contained the following spells:

 Spells                   Type           Power      Damage    Failure   Level
 Confusing Touch          Hex            1%         N/A       97%         3
 Summon Guardian Golem    Hex/Summ       1%         N/A       97%         3
 Vampiric Draining        Necr           0%         2d6       98%         3
 Orb of Destruction       Conj           0%         9d5       100%        7
 Spellforged Servitor     Conj/Summ      0%         N/A       100%        7


Dungeon Overview and Level Annotations

Branches:
Dungeon (4/15)
 Temple: D:4-7

Altars:

Annotations:
D:4 Menkaure


Innate Abilities, Weirdness & Mutations

You are immune to sickness and miasma.
Your stone body is resilient. (AC +4)
You are immune to poison.
You resist negative energy. (rN+)
You are resistant to electric shocks. (rElec)
You are resistant to unholy torment.
You are immune to petrification.


Message History

The yak bellows!
The yak gores you.
You hit the yak but do no damage. The yak gores you but does no damage.
You closely miss the yak. The yak barely misses you.
The yak gores you but does no damage.
You sock the yak!
The yak is moderately wounded.
The yak closely misses you.
You hit the yak.
The yak is moderately wounded.
The yak gores you.
You hit the yak.
The yak is heavily wounded.
The yak gores you. x2
You feel very mighty all of a sudden. You block the yak's attack.
You barely miss the yak.
The yak is heavily wounded.
The yak gores you but does no damage.
You sock the yak!
The yak is severely wounded.
The yak snorts and paws the ground.
The yak gores you.
You closely miss the yak.
The yak is severely wounded.
The yak gores you!
* * * LOW HITPOINT WARNING * * *
The yak closely misses you.
You sock the yak!
The yak is almost dead.
The yak gores you but does no damage.
You sock the yak!
You kill the yak!
Your Maces & Flails skill increases to level 4!
You sock the yak!
The yak is moderately wounded.
The yak gores you!
* * * LOW HITPOINT WARNING * * *
It was a potion of curing.
You feel better. The yak gores you!
You die...

######## #################
#......# #...............#
#.####.# #.#############.#
#.#..#.# #<# #@# #....#.# ### #Y#
###.##.### #Y# #.##...# #Y#
#.####.#####
################Y#####.####.(....
.........Y.Y.Y..Y......).).......
############........##.#####.####
#........##.# #.# # #........##.#
#.# #


You could see 5 yaks.

Vanquished Creatures
  A yak (D:4)
  A gnoll shaman (D:4)
  An orc priest (D:2)
  5 gnolls (D:4)
  4 adders
  A howler monkey skeleton (D:3)
  An ufetubus (D:3)
  2 dart slugs (D:2)
  4 orcs
  7 ball pythons
  6 endoplasms
  2 goblins
  4 hobgoblins
  8 jackals
  9 kobolds
  A quokka (D:2)
  6 bats
  3 frilled lizards
  8 rats
  A spectral goblin (D:1)
75 creatures vanquished.

Notes
Turn   | Place    | Note
-------+----------+-------------------------------------------
     0 | D:1      | SanguineChosen the Gargoyle Fighter began the quest for the
                  | Orb.
     0 | D:1      | Reached XP level 1. HP: 14/14 MP: 1/1
   155 | D:1      | Found a faded altar of an unknown god.
   274 | D:1      | Reached XP level 2. HP: 19/19 MP: 2/2
  1132 | D:2      | Reached XP level 3. HP: 13/24 MP: 3/3
  1940 | D:2      | Reached XP level 4. HP: 29/29 MP: 4/4
  2319 | D:2      | Learned a level 1 spell: Slow
  2606 | D:3      | Reached XP level 5. HP: 29/33 MP: 4/6
  3449 | D:4      | Noticed Menkaure
  3865 | D:4      | Reached skill level 1 in Spellcasting
  4033 | D:4      | Reached XP level 6. HP: 15/38 MP: 9/9
  4237 | D:4      | Noticed a yak
  4238 | D:4      | Noticed a yak
  4239 | D:4      | Noticed a yak
  4240 | D:4      | Noticed a yak
  4241 | D:4      | Noticed a yak
  4252 | D:4      | Noticed a yak
  4270 | D:4      | Killed a yak
  4271 | D:4      | HP: 1/38 [yak (8)]
  4272 | D:4      | Slain by a yak

Illustrated notes

Levels and vault maps discovered:
D:1:      minmay_arrival_split_and_join, layout_basic,
          dreamdust_ecumenical_altar_drowned_temple, hangedman_decor_lopped,
          nrook_mini_vaults
D:2:      layout_basic, glass_columns_a, minivault_24
D:3:      layout_basic
D:4:      layout_basic, minitemple, minmay_temple_entry_mini_moons,
          uniq_menkaure

Skill      XL: |  1  2  3  4  5  6 |
---------------+-------------------+-----
Shields        | 4 |  4.2
Maces & Flails | 3 4 |  4.2
Fighting       | 4 |  4.1
Armour         | 4 |  4.4
Spellcasting   | 2 |  2.0
Dodging        | |  0.9
Stealth        | |  0.3
Hexes          | |  0.1

Action                   |  1- 3 |  4- 6 || total
-------------------------+-------+-------++-------
Melee: Flail             |   143 |   122 ||   265
 Cast: Slow              |       |     7 ||     7
  Use: Potion            |       |     2 ||     2
Armor: Scale mail        |   102 |    66 ||   168
Dodge: Dodged            |   111 |    62 ||   173
Block: Buckler           |    32 |    22 ||    54
